 Dungeon Crawl Stone Soup version 0.28.0-56-g4927b6849a (webtiles) character file.

Game seed: 9354264245832849075

7957 Atelerd the Covert (level 11, -1/62 HPs)
             Began as an Octopode Earth Elementalist on Jan 26, 2023.
             Slain by a wolf (6 damage)
             ... led by Grum
             ... on level 10 of the Dungeon.
             The game lasted 00:20:10 (14527 turns).

Atelerd the Covert (Octopode Earth Elementalist)   Turns: 14527, Time: 00:20:12

Health: -1/62      AC:  1    Str:  8    XL:     11   Next: 23%
Magic:  19/25      EV: 14    Int: 21    God:
Gold:   477        SH:  0    Dex: 13    Spells: 22/30 levels left

rFire   . . .      SeeInvis +   p - +1 dagger (elec)
rCold   + + .      Faith    .   (no shield)
rNeg    . . .      Spirit   .   (helmet restricted)
rPois   .          Reflect  .   I - amulet of regeneration
rElec   .          Harm     .   g - ring of resist corrosion
rCorr   +          Rampage  .   y - ring of protection from cold
Will    .....                   C - ring of Satisfaction {rC+ Slay+3 SInv}
Stlth   ++++......              (no ring)
HPRegen 1.00/turn               (no ring)
MPRegen 0.19/turn               (no ring)
                                (no ring)
                                (no ring)

@: confused, very slightly contaminated, slowed, very slow
A: almost no armour, amphibious, 8 rings, camouflage 1, gelatinous body 1,
nimble swimmer 1, tentacles
a: no special abilities


You were on level 10 of the Dungeon.
You visited 2 branches of the dungeon, and saw 11 of its levels.

You collected 554 gold pieces.
You spent 77 gold pieces at shops.

Inventory:

Hand Weapons
 c - a +0 short sword
 p - a +1 dagger of electrocution (weapon)
Missiles
 t - 2 throwing nets
 u - 165 stones
Magical Staves
 x - a staff of earth
Jewellery
 g - a ring of resist corrosion (left tentacle)
 q - a ring of ice
 y - a ring of protection from cold (right tentacle)
 C - the ring of Satisfaction (on tentacle) {rC+ Slay+3 SInv}
   (You found it on level 8 of the Dungeon)

   [ring of protection from cold]

   Slay:      It affects your accuracy & damage with ranged weapons and melee
   (+3).
   rC:        It protects you from cold.
   SInv:      It lets you see invisible.
 D - a ring of resist corrosion
 H - a ring of ice
 I - an amulet of regeneration (around mantle)
Wands
 v - a wand of polymorph (12)
 w - a wand of paralysis (7)
 F - a wand of flame (24)
 G - a wand of acid (9)
 J - a wand of iceblast (8)
Scrolls
 a - 3 scrolls of teleportation {unknown}
 b - a scroll of fear {unknown}
 e - a scroll of enchant armour
 f - a scroll of summoning
 i - a scroll of noise
 j - 3 scrolls of brand weapon
 k - 2 scrolls of amnesia
 m - 2 scrolls of magic mapping
 n - a scroll of blinking {unknown}
 o - 2 scrolls of fog
 r - 2 scrolls of acquirement {unknown}
 s - a scroll of vulnerability {unknown}
 A - a scroll of immolation {unknown}
Potions
 d - a potion of haste
 h - 2 potions of magic
 l - a potion of berserk rage
 z - 2 potions of lignification {unknown}
 B - 3 potions of curing
 E - a potion of flight {unknown}
 L - 2 potions of brilliance {unknown}


   Skills:
 - Level 0.5 Fighting
 - Level 3.0 Short Blades
 - Level 5.0 Dodging
 + Level 11.1 Stealth
 + Level 10.2 Spellcasting
 - Level 2.0 Conjurations
 - Level 4.0 Transmutations
 - Level 2.0 Air Magic
 - Level 8.0 Earth Magic
 - Level 2.0 Poison Magic


You had 22 spell levels left.
You knew the following spells:

 Your Spells              Type           Power      Damage    Failure   Level
a - Sandblast             Erth           88%        2d18      1%          1
b - Mephitic Cloud        Conj/Pois/Air  19%        N/A       9%          3
p - Petrify               Tmut/Erth      35%        N/A       5%          4

Your spell library contained the following spells:

 Spells                   Type           Power      Damage    Failure   Level
 Sting                    Tmut/Pois      92%        1d7       1%          1
 Passwall                 Tmut/Erth      29%        N/A       1%          2
 Stone Arrow              Conj/Erth      62%        3d10      2%          3
 Static Discharge         Conj/Air       19%        N/A       4%          2
 Ignite Poison            Fire/Tmut/Pois 19%        N/A       9%          3
 Blade Hands              Tmut           13%        N/A       34%         5
 Lightning Bolt           Conj/Air       9%         1d22      61%         5
 Freezing Cloud           Conj/Ice/Air   8%         6-21      71%         5
 Maxwell's Capacitive Co  Air            9%         ∞         100%        8


Dungeon Overview and Level Annotations

Branches:
Dungeon (10/15)            Temple (1/1) D:5            Lair (0/6) D:10
    Orc: D:9-12

Altars:
Ashenzari
Cheibriados
Dithmenos
Elyvilon
Fedhas
Gozag
Hepliaklqana
Kikubaaqudgha
Makhleb
Nemelex Xobeh
Okawaru
Qazlal
Ru
Sif Muna
Trog
Uskayaw
Vehumet
Wu Jian
Xom
Yredelemnul
Zin
The Shining One

Shops:
D:3 *   D:5 =

Annotations:
D:3 exclusion: downstairs
D:7 exclusion: downstairs
D:8 exclusion: 2 downstairs
D:10 1 runed translucent door, Grum


Innate Abilities, Weirdness & Mutations

You cannot wear most types of armour.
You are amphibious.
You can wear up to eight rings at the same time.
Your skin changes colour to match your surroundings (Stealth+).
Your rubbery body absorbs attacks. (AC +1, EV +1)
You are camouflaged when in or above water. (Stealth+)
You have tentacles for arms and can constrict up to eight enemies at once.


Message History

Press: ? - help, Shift-Dir - straight line, f - wolf
Aim: a wolf (chance to affect: 81%) That beam is likely to hit you.
Continue anyway?
The ball explodes into a vile cloud!
The stinking cloud engulfs the orc wizard but does no damage.
The stinking cloud engulfs the wolf but does no damage. x2
The stinking cloud engulfs the hornet but does no damage.
The stinking cloud engulfs you but does no damage.
You are engulfed in noxious fumes.
You choke on the stench!
You are confused.
The wolf is engulfed in noxious fumes.
The wolf appears confused.
The wolf is engulfed in noxious fumes.
The wolf appears confused.
The wolf barely misses the orc wizard.
The orc wizard is engulfed in noxious fumes.
The orc wizard appears confused.
Unknown command.
You are engulfed in noxious fumes.
You feel less confused.
The wolf is engulfed in noxious fumes.
The wolf appears confused.
The wolf completely misses the wolf.
The wolf is engulfed in noxious fumes.
The wolf appears confused.
The wolf completely misses you. The hornet stings you!
You feel yourself slow down.
The wolf is engulfed in noxious fumes.
The wolf appears confused.
The wolf barely misses you.
The wolf is engulfed in noxious fumes.
The wolf appears confused.
The wolf misses you. The hornet stings you!!
* * * LOW HITPOINT WARNING * * *
You feel as though you will be slow longer.
The orc wizard is engulfed in noxious fumes.
The orc wizard closely misses you. Grum barely misses you.
Okay, then.
Okay, then.
Okay, then.
You are engulfed in noxious fumes.
You choke on the stench!
You are confused.
The wolf is engulfed in noxious fumes.
The wolf closely misses the hornet.
The wolf is engulfed in noxious fumes.
The wolf appears confused.
The wolf is engulfed in noxious fumes.
The wolf appears confused.
The wolf closely misses itself.
The wolf is engulfed in noxious fumes.
The wolf appears confused.
The wolf bites you.
You die...

............# #####
#...........# .?....
######..########### ......
###.###.......##..8...
###.......≈≈≈≈≈..h..)h).
##.'.......≈☼☼○≈h.g..hg..
#..#.....#..○§≈○h.#.....8
#.##.....+.≈≈§§☼hy# .....
#.##.......≈§≈○@o○# )h..
##.##..............#######
...##.....###.##........#
#####.....# #..+........#
# #.....# ####........#
#.....# ###'###### #.....#
#..### ###'### ##...## #.#
###..#


You could see Grum, a hornet, 4 wolves and an orc wizard (confused).

Vanquished Creatures
  Urug (D:10)
  A deep elf pyromancer (D:8)
  An ugly thing (D:8)
  2 trolls (D:10)
  A slime creature (D:8)
  A wraith (D:8)
  A basilisk (D:8)
  A wyvern (D:8)
  7 yaks
  A steam dragon (D:8)
  An acid dragon (D:8)
  4 water moccasins
  3 black bears
  2 ogres
  An orc warrior (D:7)
  2 sky beasts (D:8)
  2 necrophages (D:6)
  4 centaurs
  A kobold brigand (D:5)
  5 bullfrogs
  3 gnoll sergeants
  A water moccasin zombie (D:6)
  A wyvern zombie (D:6)
  A water moccasin skeleton (D:5)
  A howler monkey (D:8)
  An electric eel (D:8)
  3 wights (D:5)
  5 hounds
  2 jellies
  5 centaur zombies
  2 orc priests (D:8)
  3 iguanas
  Natasha (D:4)
  8 orc wizards
  3 killer bee zombies
  A hound zombie (D:5)
  2 howler monkey zombies (D:8)
  8 adders
  16 gnolls
  2 white imps
  2 ufetubi
  3 adder skeletons
  2 dart slugs
  25 orcs
  4 ball pythons
  6 bats
  4 endoplasms
  5 giant cockroaches
  5 goblins
  7 hobgoblins
  2 jackals (D:5)
  13 kobolds
  3 quokkas (D:2)
  4 frilled lizards
  A jackal skeleton (D:4)
  6 rats
203 creatures vanquished.

Vanquished Creatures (others)
  A wizard (D:5)
  4 fungi (D:8)
5 creatures vanquished.

Grand Total: 208 creatures vanquished

Notes
Turn   | Place    | Note
-------+----------+-------------------------------------------
     0 | D:1      | Atelerd the Octopode Earth Elementalist began the quest for
                  | the Orb.
     0 | D:1      | Reached XP level 1. HP: 11/11 MP: 3/3
   234 | D:1      | Reached XP level 2. HP: 17/17 MP: 5/5
   283 | D:1      | Found a faded altar of an unknown god.
   942 | D:2      | Reached XP level 3. HP: 19/21 MP: 1/6
  1162 | D:2      | Reached skill level 3 in Stealth
  1415 | D:2      | Found an ornate altar of the Wu Jian Council.
  1440 | D:2      | Reached XP level 4. HP: 21/27 MP: 5/8
  1539 | D:2      | Reached skill level 1 in Short Blades
  2215 | D:3      | Found an ancient bone altar of Kikubaaqudgha.
  2577 | D:3      | Found Wigacs's General Store.
  2586 | D:3      | Bought a scroll of magic mapping for 49 gold pieces
  2586 | D:3      | Bought a scroll of identify for 28 gold pieces
  2873 | D:4      | Reached XP level 5. HP: 4/32 MP: 7/9
  2884 | D:3      | Learned a level 3 spell: Mephitic Cloud
  3341 | D:4      | Found an ornate altar of the Wu Jian Council.
  3444 | D:4      | Noticed Natasha
  3449 | D:4      | Killed Natasha
  3450 | D:4      | Reached skill level 1 in Poison Magic
  3538 | D:4      | Reached skill level 1 in Conjurations
  3538 | D:4      | Reached skill level 1 in Air Magic
  3745 | D:4      | Reached XP level 6. HP: 34/37 MP: 8/10
  3798 | D:4      | Found an opulent altar of Gozag.
  4009 | D:5      | Entered Level 5 of the Dungeon
  4038 | D:5      | Reached XP level 7. HP: 34/42 MP: 6/12
  4463 | D:5      | Found a snail-covered altar of Cheibriados.
  4570 | D:5      | Found a bloodstained altar of Trog.
  4652 | D:5      | Noticed a wizard
  4654 | D:5      | Killed a wizard
  4874 | D:5      | Found Kiqu's Jewellery Emporium.
  5098 | D:5      | Learned a level 4 spell: Petrify
  5109 | D:5      | Got Wydarch's Compendium of Transmutation and Lightness
  5306 | D:5      | HP: 1/36 [wight/+3 hand axe (8)]
  5349 | D:5      | Reached skill level 5 in Spellcasting
  5715 | D:5      | Found a staircase to the Ecumenical Temple.
  5723 | Temple   | Entered the Ecumenical Temple
  5966 | D:6      | Reached XP level 8. HP: 47/47 MP: 14/16
  7351 | D:6      | Reached skill level 4 in Stealth
  7351 | D:6      | Reached XP level 9. HP: 52/52 MP: 21/21
  8198 | D:7      | Reached skill level 5 in Stealth
  8708 | D:7      | Reached skill level 6 in Stealth
  8708 | D:7      | Reached skill level 5 in Earth Magic
 10489 | D:8      | Reached skill level 7 in Stealth
 10489 | D:8      | Reached XP level 10. HP: 48/57 MP: 18/22
 10693 | D:8      | Noticed a white ugly thing
 10846 | D:8      | Identified the ring of Satisfaction {rC+ Slay+3 SInv}
 11066 | D:8      | Noticed a deep elf pyromancer
 11075 | D:8      | Killed a deep elf pyromancer
 11076 | D:8      | Reached skill level 5 in Dodging
 11720 | D:8      | Killed a white ugly thing
 11721 | D:8      | Reached skill level 8 in Stealth
 12509 | D:9      | Found a glowing golden altar of the Shining One.
 12850 | D:8      | Reached skill level 9 in Stealth
 13517 | D:10     | Entered Level 10 of the Dungeon
 13622 | D:10     | Reached skill level 10 in Stealth
 13622 | D:10     | Reached XP level 11. HP: 62/62 MP: 12/24
 13712 | D:10     | Found a shimmering blue altar of Sif Muna.
 13739 | D:10     | Found a runed translucent door.
 14063 | D:10     | Noticed Urug
 14127 | D:10     | Killed Urug
 14128 | D:10     | Reached skill level 10 in Spellcasting
 14386 | D:10     | Reached skill level 11 in Stealth
 14432 | D:10     | Found a staircase to the Lair.
 14520 | D:10     | Noticed Grum
 14526 | D:10     | HP: 3/62 [hornet (18)]
 14527 | D:10     | Slain by a wolf

Illustrated notes

Levels and vault maps discovered:
D:1:      dpeg_arrival_rhombi, layout_loops_ring,
          chequers_ecumenical_altar_simple
D:2:      layout_rooms, basic_altar
D:3:      layout_basic, mainiacjoe_overflow_surrounded_room, serial_shops, shop
D:4:      layout_cave_pools, mainiacjoe_overflow_concentric_impassable,
          lemuel_coloured_pillars_altar, minmay_misc_feat_x, grunt_ministairs_3,
          uniq_natasha
D:5:      layout_basic, trog_wizard, mainiacjoe_overflow_six_doors_small,
          minmay_temple_entry_nine_rooms, serial_shops,
          nicolae_shop_behind_doors, chequers_serial_rivers_micro_e
D:6:      layout_basic
D:7:      layout_rooms
D:8:      minmay_chambers_of_sevens, layout_loops_cross, nicolae_two_hexagons,
          minmay_misc_feat_pillars, water_boxes_lemuel
D:9:      layout_cave_pods, mainiacjoe_overflow_alcove_4
D:10:     layout_roguey, nicolae_sif_muna_condensation, lair_entry_dummy,
          ebering_ghost_funeral_grove, kennysheep_generic_room_7, uniq_grum,
          uniq_urug
Temple:   regret_index_temple_waves

Skill      XL: |  1  2  3  4  5  6  7  8  9 10 11 |
---------------+----------------------------------+-----
Stealth        | 3 4 7 10 11 | 11.1
Earth Magic    | 4 6 8 |  8.0
Short Blades   | 1 3 |  3.0
Spellcasting   | 3 5 8 9 10 | 10.2
Poison Magic   | 1 2 |  2.0
Conjurations   | 1 2 |  2.0
Air Magic      | 1 2 |  2.0
Transmutations | 2 3 4 |  4.0
Dodging        | 4 5 |  5.0
Fighting       | |  0.5

Action                   |  1- 3 |  4- 6 |  7- 9 | 10-12 || total
-------------------------+-------+-------+-------+-------++-------
Melee: Short sword       |    40 |    20 |       |       ||    60
       Constrict         |    15 |     6 |    35 |    14 ||    70
       Tentacles         |     4 |     6 |    40 |    30 ||    80
       Unarmed           |     1 |       |       |       ||     1
       Punch             |       |     1 |     3 |     3 ||     7
       Dagger            |       |    10 |   160 |   104 ||   274
 Cast: Sandblast         |    25 |    66 |    73 |    24 ||   188
       Petrify           |       |       |    21 |    57 ||    78
       Mephitic Cloud    |       |       |     6 |     4 ||    10
Evoke: Wand              |       |       |       |     8 ||     8
  Use: Potion            |     4 |       |     1 |       ||     5
       Scroll            |       |     3 |     3 |       ||     6
 Stab: Sleeping          |     4 |     7 |     9 |     4 ||    24
       Distracted        |       |       |     2 |       ||     2
       Petrified         |       |       |    24 |    43 ||    67
       Petrifying        |       |       |       |     3 ||     3
       Paralysed         |       |       |       |     2 ||     2
Armor: Skin              |     5 |     3 |     8 |     4 ||    20
Dodge: Dodged            |    41 |    36 |    81 |    50 ||   208
